 Dungeon Crawl Stone Soup version 0.21.1-1-g345015fe64 (webtiles) character file.

3791 Peloso the Carver (level 10, 0/56 HPs)
             Began as a Vine Stalker Fighter on Apr 1, 2018.
             Was a Priest of Okawaru.
             Succumbed to BrokenGlass's ghost's poison
             ... on level 7 of the Dungeon.
             The game lasted 00:14:45 (5374 turns).

Peloso the Carver (Vine Stalker Fighter)            Turns: 5374, Time: 00:14:45

Health: 0/56       AC: 12    Str: 22    XL:     10   Next: 16%
Magic:  9/11       EV:  7    Int:  8    God:    Okawaru [***...]
Gold:   321        SH: 11    Dex: 14    Spells: 9/9 levels left

rFire    . . .     SeeInvis .   a - +0 long sword
rCold    . . .     Gourm    .   c - +0 shield
rNeg     + . .     Faith    .   b - +0 chain mail
rPois    .         Spirit   +   x - +0 helmet
rElec    .         Reflect  .   (no cloak)
rCorr    .         Harm     .   (no gloves)
MR       +....     Clarity  +   j - +0 pair of boots Stlth ..........Rnd*Tele +
                                (no amulet)
HPRegen  0.58/turn              A - ring of teleportation (curse)
MPRegen  0.12/turn              h - ring of positive energy

@: lethally poisoned (0 -> -2), berserk cooldown, slowed, very slow
A: fangs 3, clarity, regeneration 1, robust 1, magic shield, antimagic bite, no
potion heal 3, rot immunity
a: Heroism, Renounce Religion


You were on level 7 of the Dungeon.
You worshipped Okawaru.
Okawaru was most pleased with you.
You were hungry.

You visited 1 branch of the dungeon, and saw 7 of its levels.

You collected 321 gold pieces.

Inventory:

Hand Weapons
 a - a +0 long sword (weapon)
 z - a +0 hand axe of flaming
Armour
 b - a +0 chain mail (worn)
 c - a +0 shield (worn)
 j - a +0 pair of boots (worn)
 x - a +0 helmet (worn)
Jewellery
 e - an uncursed ring of see invisible
 g - an uncursed ring of flight
 h - a ring of positive energy (right hand)
 v - a +2 ring of dexterity
 A - a cursed ring of teleportation (left hand)
Wands
 u - a wand of disintegration (18)
 y - a wand of iceblast (9)
Scrolls
 i - 2 scrolls of immolation {unknown}
 m - 5 scrolls of remove curse {unknown}
 o - 2 scrolls of magic mapping {unknown}
 r - 4 scrolls of noise {unknown}
 s - a scroll of enchant armour {unknown}
 t - 2 scrolls of teleportation {unknown}
 w - a scroll of fear {unknown}
 B - a scroll of identify
 C - a scroll of blinking {unknown}
Potions
 k - 4 potions of heal wounds
 l - 3 potions of flight
Books
 D - a book of Changes

   Spells                             Type                      Level
   a - Beastly Appendage              Transmutation                1
   b - Sticks to Snakes               Transmutation                2
   c - Spider Form                    Transmutation/Poison         3
   d - Ice Form                       Ice/Transmutation            4
   e - Blade Hands                    Transmutation                5
Comestibles
 f - 12 rations


   Skills:
 + Level 5.3 Fighting
 + Level 9.2 Long Blades
 + Level 5.4 Armour
 + Level 1.8 Dodging
 + Level 1.0 Stealth
 + Level 6.3 Shields
 + Level 0.3 Invocations
 + Level 0.1 Evocations


You had 9 spell levels left.
You didn't know any spells.

Dungeon Overview and Level Annotations

Branches:
Dungeon (7/15)             Temple (0/1) D:7

Altars:
Gozag
Kikubaaqudgha
Okawaru
Qazlal
Uskayaw
The Shining One

Shops:
D:3 *


Innate Abilities, Weirdness & Mutations

You have razor-sharp teeth.
Your natural rate of healing is unusually fast.
When hurt, damage is shared between your health and your magic reserves.
Your bite disrupts and absorbs the magic of your enemies.
Potions cannot restore your health.
You are immune to rotting.
You possess an exceptional clarity of mind.
You are robust. (+10% HP)


Message History

You are too berserk!
You feel a strong urge to attack something.
* * * LOW HITPOINT WARNING * * *
You feel sick.
Found a stone staircase leading down.
You are no longer berserk.
You are exhausted.
You feel yourself slow down.
* * * LOW HITPOINT WARNING * * *
You feel sick.
* * * LOW HITPOINT WARNING * * *
You feel sick.
* * * LOW HITPOINT WARNING * * *
You feel sick.
* * * LOW HITPOINT WARNING * * *
You feel sick. That would not heal you.
You feel extremely strange.
Your thoughts seem clearer.
You feel robust.
You die...

##.#...[.###... ..###...##.#
#####......).)......
........##.#
........###.......##
....#..)##.#
####...#.#.#.....#[#
#...#......#
#..#..#..#)..#.. .#.
######.# ###...#...#.#...#
#.# ############### ##.#
.......###....###########...
#....@..#.............
#$##..>##.#########...
#.###.###.# #### #.# #.# #.#
#.# #.# #.# #.# #.# #.#
##########.# #.# #.###
#..........# #.###...#
#.########## #.#...#.#


There were no monsters in sight!

Vanquished Creatures
  The ghost of BrokenGlass the Fighter, a novice NaAr of Cheibriados (D:7)
  A two-headed ogre (D:7)
  The ghost of BrokenGlass the Sneak, an amateur NaAr (D:6)
  Grinder (D:4)
  Menkaure (D:7)
  A hornet zombie (D:6)
  2 sky beasts
  5 ogres
  4 centaurs
  Blork the orc (D:5)
  3 bullfrogs (D:6)
  2 crimson imps
  2 hounds
  A jelly (D:5)
  An orc priest (D:7)
  5 orc wizards
  2 bullfrog skeletons
  An iguana (D:5)
  3 worker ants
  A worker ant zombie (D:7)
  Robin (D:3)
  3 adders
  3 gnolls (D:6)
  2 shadow imps
  2 oozes
  An adder skeleton (D:6)
  A worm (D:3)
  3 dart slugs
  3 leopard geckos
  16 orcs
  A ball python (D:1)
  3 bats
  4 giant cockroaches
  17 goblins
  4 hobgoblins
  17 jackals
  6 kobolds
  2 quokkas
  5 frilled lizards
  6 rats
139 creatures vanquished.

Vanquished Creatures (others)
  An orc wizard (D:4)
1 creature vanquished.

Grand Total: 140 creatures vanquished

Notes
Turn   | Place    | Note
-------+----------+-------------------------------------------
     0 | D:1      | Peloso the Vine Stalker Fighter began the quest for the Orb.
     0 | D:1      | Reached XP level 1. HP: 11/11 MP: 2/2
   115 | D:1      | Reached XP level 2. HP: 9/16 MP: 3/3
   167 | D:1      | Reached skill level 2 in Long Blades
   236 | D:1      | Reached XP level 3. HP: 13/19 MP: 4/4
   536 | D:2      | Found a hide-covered altar of Uskayaw.
   927 | D:3      | Found an opulent altar of Gozag.
   929 | D:3      | Found Gozag's Platinum Reserve.
  1002 | D:3      | Gained mutation: Your natural rate of healing is unusually fast. [Vine Stalker growth]
  1002 | D:3      | Reached XP level 4. HP: 24/24 MP: 5/5
  1007 | D:3      | Noticed Robin
  1029 | D:3      | Killed Robin
  1071 | D:3      | Noticed an earth elemental
  1073 | D:3      | Found a stormy altar of Qazlal.
  1074 | D:3      | Noticed a water elemental
  1074 | D:3      | Noticed an air elemental
  1074 | D:3      | Noticed a fire elemental
  1771 | D:4      | Reached skill level 3 in Long Blades
  1771 | D:4      | Reached XP level 5. HP: 28/28 MP: 6/6
  1820 | D:4      | Noticed an ogre
  1828 | D:4      | Killed an ogre
  1940 | D:4      | Reached XP level 6. HP: 32/32 MP: 7/7
  2080 | D:4      | Reached skill level 4 in Long Blades
  2125 | D:4      | Noticed Grinder
  2129 | D:4      | Paralysed by Grinder for 5 turns
  2142 | D:4      | Killed Grinder
  2142 | D:4      | Reached XP level 7. HP: 15/37 MP: 4/8
  2346 | D:5      | Entered Level 5 of the Dungeon
  2465 | D:5      | Reached skill level 5 in Long Blades
  2625 | D:5      | Noticed Blork the orc
  2643 | D:5      | Killed Blork the orc
  2644 | D:5      | Gained mutation: You have razor-sharp teeth. [Vine Stalker growth]
  2644 | D:5      | Reached XP level 8. HP: 12/42 MP: 5/9
  2860 | D:5      | Found a glowing golden altar of the Shining One.
  3196 | D:6      | Reached skill level 6 in Long Blades
  3276 | D:6      | Reached skill level 5 in Shields
  3418 | D:6      | Noticed BrokenGlass's ghost (amateur NaAr)
  3432 | D:6      | Killed BrokenGlass's ghost
  3432 | D:6      | Reached skill level 1 in Dodging
  3511 | D:6      | Found an iron altar of Okawaru.
  3533 | D:6      | Became a worshipper of Warmaster Okawaru
  3628 | D:6      | Reached skill level 7 in Long Blades
  3718 | D:6      | Found an ancient bone altar of Kikubaaqudgha.
  3845 | D:6      | Reached XP level 9. HP: 26/46 MP: 6/10
  4642 | D:6      | Reached * piety under Okawaru
  4774 | D:7      | Found a staircase to the Ecumenical Temple.
  4775 | D:7      | Noticed a two-headed ogre
  4792 | D:7      | Killed a two-headed ogre
  4792 | D:7      | Reached ** piety under Okawaru
  4792 | D:7      | Reached skill level 5 in Fighting
  4792 | D:7      | Reached skill level 8 in Long Blades
  4792 | D:7      | Reached skill level 5 in Armour
  5191 | D:7      | Noticed Menkaure
  5199 | D:7      | Killed Menkaure
  5336 | D:7      | Noticed BrokenGlass's ghost (novice NaAr)
  5367 | D:7      | Killed BrokenGlass's ghost
  5367 | D:7      | Reached *** piety under Okawaru
  5367 | D:7      | Reached skill level 9 in Long Blades
  5367 | D:7      | Reached skill level 1 in Stealth
  5367 | D:7      | Reached XP level 10. HP: 5/51 MP: 8/11
  5370 | D:7      | HP: 2/51 [poisoned by BrokenGlass's ghost]
  5374 | D:7      | Gained mutation: You possess an exceptional clarity of mind. [potion of mutation]
  5374 | D:7      | Gained mutation: You are robust. (+10% HP) [potion of mutation]
  5374 | D:7      | Succumbed to BrokenGlass's ghost's poison

Skill      XL: |  1  2  3  4  5  6  7  8  9 |
---------------+----------------------------+-----
Shields        | 3 4 5 6 |  6.3
Long Blades    | 2 3 4 5 7 9 |  9.2
Fighting       | 3 4 5 |  5.3
Armour         | 3 4 5 |  5.4
Dodging        | 1 |  1.8
Stealth        | 1 |  1.0
Invocations    | |  0.3
Evocations     | |  0.1

Action                   |  1- 3 |  4- 6 |  7- 9 | 10-12 || total
-------------------------+-------+-------+-------+-------++-------
Melee: Long sword        |    76 |   109 |   320 |       ||   505
       Bite              |    21 |    43 |   129 |       ||   193
Invok: Heroism           |       |       |     1 |       ||     1
Evoke: Wand              |       |     1 |       |       ||     1
  Use: Potion            |       |     1 |     4 |     1 ||     6
       Scroll            |       |       |     6 |       ||     6
  Eat: Chunk             |       |     4 |     7 |       ||    11
       Ration            |       |       |     1 |       ||     1
Armor: Scale mail        |    51 |       |       |       ||    51
       Chain mail        |     2 |    78 |   199 |       ||   279
Dodge: Dodged            |    33 |    21 |    82 |       ||   136
Block: Shield            |    49 |    63 |   164 |       ||   276
       Rpst.: Long sword |     8 |     7 |    23 |       ||    38
